 Dungeon Crawl Stone Soup version 0.17-a0-1407-gde22cd8 (webtiles) character file.

74 Geeful the Insei (level 4, -4/28 HPs)
             Began as an Octopode Transmuter on June 22, 2015.
             Slain by Robin
             ... wielding a +0 spear
              (6 damage)
             ... on level 2 of the Dungeon.
             The game lasted 00:04:18 (2126 turns).

Geeful the Insei (Octopode Transmuter)              Turns: 2126, Time: 00:04:18

Health: -4/28      AC:  1    Str:  9    XL:     4   Next: 30%
Magic:  5/7        EV: 12    Int: 15    God:
Gold:   169        SH:  0    Dex: 13    Spells: 2 memorised, 4 levels left

rFire  . . .     SeeInvis .       - Unarmed
rCold  . . .     Clarity  .     (no shield)
rNeg   . . .     SustAt   .     (helmet restricted)
rPois  .         Gourm    .     (no amulet)
rElec  .         Spirit   .     (no ring)
rCorr  .         Warding  .     (no ring)
rMut   .         Stasis   .     (no ring)
MR     .....                    (no ring)
Stlth  ++........               (no ring)
                                (no ring)
                                (no ring)
                                (no ring)

@: very slightly contaminated, not resistant to hostile enchantments, unstealthy
A: almost no armour, amphibious, 8 rings, constrict 8, camouflage 1, gelatinous
body 1
a: no special abilities


You were on level 2 of the Dungeon.
You were not hungry.

You visited 1 branch of the dungeon, and saw 2 of its levels.

You collected 169 gold pieces.

Inventory:

Missiles
 a - 24 arrows
 n - 17 poisoned needles
Magical devices
 q - a wand of enslavement (17)
Scrolls
 d - a scroll of magic mapping {unknown}
 e - a scroll of recharging {unknown}
 h - a scroll of immolation {unknown}
 j - a scroll of amnesia {unknown}
 k - a scroll of remove curse {unknown}
 l - a scroll of blinking {unknown}
 m - a scroll of noise {unknown}
 o - a scroll of enchant armour {unknown}
Potions
 f - 2 potions of ambrosia {unknown}
 i - a potion of agility {unknown}
 r - a potion of flight {unknown}
Books
 b - a book of Changes

   Spells                             Type                      Level
   a - Beastly Appendage              Transmutation                1
   b - Sticks to Snakes               Transmutation                2
   c - Spider Form                    Transmutation/Poison         3
   d - Ice Form                       Ice/Transmutation            4
   e - Blade Hands                    Transmutation                5
Comestibles
 c - 4 bread rations
 g - a meat ration


   Skills:
 - Level 1.0 Fighting
 - Level 2.0 Dodging
 + Level 5.0 Unarmed Combat
 - Level 2.0 Spellcasting
 - Level 2.0 Transmutations


You had 4 spell levels left.
You knew the following spells:

 Your Spells              Type           Power        Failure   Level  Hunger
a - Beastly Appendage     Trmt           #.....       12%         1    #......
b - Sticks to Snakes      Trmt           #.........   14%         2    ###....


Dungeon Overview and Level Annotations

Branches:
Dungeon (2/15)

Altars:

Annotations:
D:2 Robin


Innate Abilities, Weirdness & Mutations

You cannot wear most types of armour.
You are amphibious.
You can wear up to eight rings at the same time.
You can use your tentacles to constrict eight enemies at once.
Your skin changes colour to match your surroundings (Stealth).
Your rubbery body absorbs attacks (AC +1).


Message History

2 stones; a hobgoblin corpse You barely miss Robin.
The hobgoblin shouts!
You grab Robin. You constrict Robin. Robin misses you.
Casting: Beastly Appendage
Confirm with . or Enter, or press ? or * to list all spells.
You miscast Beastly Appendage.
You are very lightly contaminated with residual magic.
Nothing appears to happen.
You constrict Robin. The goblin hits you with a dagger.
* * * LOW HITPOINT WARNING * * *
The hobgoblin drinks a potion.
The hobgoblin suddenly seems more resistant.
Robin hits you with a spear.
* * * LOW HITPOINT WARNING * * *
Casting: Beastly Appendage
Confirm with . or Enter, or press ? or * to list all spells.
You miscast Beastly Appendage.
Nothing appears to happen.
You constrict Robin. The goblin closely misses you.
Robin hits you with a spear.
You die...

#..###.#######.#
...###.#.....#.#
.......#.....#.#
##+#####.......# #...##
#.....### .....###.....#
......####.#.### #
>......###.....##########.gg#
.......'.......g@gggg...g..gg
.......####....####g.......g#
......## ##.#.# #.######..#
.....## ###.# #.# . #.).##
#.# #.# ##'## #.# #.# #.# #.#
#.# #.# #.# #.# ##.## #.#


You could see Robin, 3 hobgoblins and 2 goblins.

Vanquished Creatures
  An adder (D:2)
  A worm (D:2)
  A giant gecko (D:2)
  3 giant cockroaches
  6 goblins
  3 hobgoblins
  4 jackals (D:1)
  8 kobolds
  A ball python (D:1)
  7 bats
  2 giant newts
  6 rats
43 creatures vanquished.

Vanquished Creatures (collateral kills)
  Ijyb (D:2)
1 creature vanquished.

Grand Total: 44 creatures vanquished

Notes
Turn   | Place    | Note
--------------------------------------------------------------
     0 | D:1      | Geeful the Octopode Transmuter began the quest for the Orb.
     0 | D:1      | Reached XP level 1. HP: 13/13 MP: 3/3
    97 | D:1      | Reached XP level 2. HP: 8/18 MP: 5/5
   463 | D:1      | Reached skill level 4 in Unarmed Combat
   966 | D:1      | Learned a level 2 spell: Sticks to Snakes
  1056 | D:1      | Reached XP level 3. HP: 19/23 MP: 6/6
  1558 | D:2      | Noticed Ijyb
  1569 | D:2      | Killed Ijyb
  1569 | D:2      | Reached XP level 4. HP: 25/28 MP: 1/7
  2095 | D:2      | Noticed Robin
  2110 | D:2      | Reached skill level 5 in Unarmed Combat
  2126 | D:2      | Slain by Robin

Vault maps used:
D:1:      co_arrival_square_in_a_square_in_a_square, minivault_5
D:2:      lemuel_blue_sif_altar, uniq_robin, uniq_iyjb

Action                   |  1- 3 |  4- 6 || total
-------------------------+-------+-------++-------
Melee: Unarmed           |    77 |    22 ||    99
 Cast: Beastly Appendage |     6 |     3 ||     9
       Sticks to Snakes  |     2 |       ||     2
 Stab: Sleeping          |     6 |       ||     6
       Distracted        |     1 |       ||     1
  Eat: Chunk             |     2 |     2 ||     4
